 Dungeon Crawl Stone Soup version 0.22-a0-346-ga714374 (webtiles) character file.

50 4thArraOfDagon the Conjurer (level 3, -1/29 HPs)
             Began as a Hill Orc Conjurer on Apr 6, 2018.
             Was an Initiate of Beogh.
             Slain by an orc
             ... wielding a +0 hand axe
              (6 damage)
             ... on level 4 of the Dungeon.
             The game lasted 00:03:12 (827 turns).

4thArraOfDagon the Conjurer (Hill Orc Conjurer)      Turns: 827, Time: 00:03:13

Health: -1/29      AC:  7    Str: 10    XL:     3   Next: 79%
Magic:  5/5        EV:  8    Int: 16    God:    Beogh [......]
Gold:   29         SH:  0    Dex: 11    Spells: 4/5 levels left

rFire    . . .     SeeInvis .   d - +0 hand axe
rCold    . . .     Gourm    .   (no shield)
rNeg     . . .     Faith    .   i - +0 scale mail
rPois    .         Spirit   .   (no helmet)
rElec    .         Reflect  .   e - +0 cloak
rCorr    .         Harm     .   (no gloves)
MR       .....                  (no boots)
Stlth    ..........             (no amulet)
HPRegen  0.09/turn              (no ring)
MPRegen  0.09/turn              (no ring)

@: no status effects
A: no striking features
a: Renounce Religion


You were on level 4 of the Dungeon.
You worshipped Beogh.
Beogh was noncommittal.
You were not hungry.

You visited 1 branch of the dungeon, and saw 4 of its levels.

You collected 29 gold pieces.

Inventory:

Hand Weapons
 b - a +0 whip
 d - a +0 hand axe (weapon)
Armour
 a - a +1 robe
 e - a +0 cloak (worn)
 i - a +0 scale mail (worn)
Potions
 f - 2 potions of lignification {unknown}
 g - 2 potions of might {unknown}
 h - a potion of haste {unknown}
 j - a potion of curing {unknown}
Comestibles
 c - 4 rations


   Skills:
 + Level 2.2 Fighting
 * Level 3.4 Axes
 - Level 1.5 Dodging
 - Level 1.5 Stealth
 - Level 1.5 Spellcasting
 - Level 4.0 Conjurations
 + Level 0.0 Invocations


You had 4 spell levels left.
You knew the following spells:

 Your Spells              Type           Power        Failure   Level  Hunger
a - Magic Dart            Conj           ##..         30%         1    ##.....


Dungeon Overview and Level Annotations

Branches:
Dungeon (4/15)
 Temple: D:4-7

Altars:
Elyvilon
Uskayaw

Annotations:
D:3 Sigmund


Message History

The orc is moderately wounded.
You hit the orc but do no damage. The orc hits you but does no damage.
The orc completely misses you.
Unknown command.
You hit the orc.
The orc is almost dead.
You hit the orc. The orc hits you but does no damage.
The orc hits you with a flail.
Unknown command.
You barely miss the orc.
The orc is severely wounded.
You closely miss the orc. The orc hits you with a hand axe.
* * * LOW HITPOINT WARNING * * *
The orc barely misses you.
Unknown command.
You barely miss the orc.
The orc is severely wounded.
You closely miss the orc. The orc hits you with a hand axe.
You die...
Beogh appreciates the orc's killing of a heretic priest.

#..# .... ...... ##
#o....# ### #..##.. #..
##..# #. .......
#.#####...###..
(.....o###..........#...
#o@##.............
##..##............
##...........#
.................#
####.......###...#
#..#....###...##
#.###..###.....## ##
#..###......###
#..##....#....#


You could see 2 orcs and a neutral orc priest (wandering).

Vanquished Creatures
  An adder (D:4)
  An ooze (D:4)
  6 orcs
  2 ball pythons (D:1)
  A giant cockroach (D:4)
  3 goblins
  5 hobgoblins
  A quokka (D:3)
  4 bats
  A kobold (D:3)
  2 rats
27 creatures vanquished.

Notes
Turn   | Place    | Note
-------+----------+-------------------------------------------
     0 | D:1      | 4thArraOfDagon the Hill Orc Conjurer began the quest for the Orb.
     0 | D:1      | Reached XP level 1. HP: 14/14 MP: 3/3
    66 | D:1      | Reached skill level 1 in Fighting
    66 | D:1      | Reached skill level 1 in Axes
    96 | D:1      | Reached XP level 2. HP: 18/23 MP: 2/4
   223 | D:3      | Noticed Sigmund
   253 | D:3      | Found a white marble altar of Elyvilon.
   307 | D:3      | Found a hide-covered altar of Uskayaw.
   558 | D:4      | Reached XP level 3. HP: 27/29 MP: 5/5
   816 | D:4      | Became a worshipper of Beogh the Brigand
   827 | D:4      | Slain by an orc

Vault maps used:
D:1:      dpeg_arrival_round_c
D:2:      gammafunk_temple_overflow_forgotten, item_on_display_a, uniq_natasha
D:3:      kennysheep_ying_yang, eat_drink_and_be_merry_uskayaw,
          gammafunk_temple_overflow_elements, uniq_sigmund
D:4:      first_ration

Skill      XL: |  1  2  3 |
---------------+----------+-----
Fighting       | 1 2 |  2.2
Axes           | 1 2 3 |  3.4
Dodging        | |  1.5
Stealth        | |  1.5
Spellcasting   | |  1.5
Conjurations   | |  4.0

Action                   || total
-------------------------++-------
Melee: Hand axe          ||    89
 Cast: Magic Dart        ||    28
Invok: Convert to Beogh  ||     1
  Use: Scroll            ||     2
 Stab: Sleeping          ||     1
  Eat: Chunk             ||     1
Armor: Robe              ||     8
       Scale mail        ||    21
Dodge: Dodged            ||    49

Table legend:
 A = Spawn XP
 B = Non-spawn XP
 C = Spawn XP percentage of total XP
 D = Spawn monster count
 E = Non-spawn monster count
 F = Spawn count percentage of total count
 G = Total turns spent on level
                    A         B        C        D         E        F      G
               +---------+---------+-------+---------+---------+-------+---------
         Total |       0 |      72 |   0.0 |       0 |      27 |   0.0 |   827
               +---------+---------+-------+---------+---------+-------+---------
           D:1 |       0 |      13 |   0.0 |       0 |       8 |   0.0 |   140
           D:2 |       0 |       4 |   0.0 |       0 |       2 |   0.0 |    75
           D:3 |       0 |      20 |   0.0 |       0 |      10 |   0.0 |   292
           D:4 |       0 |      35 |   0.0 |       0 |       7 |   0.0 |   320
               +---------+---------+-------+---------+---------+-------+---------
